 Dungeon Crawl Stone Soup version 0.30-a0-760-g5a9884bb7c (webtiles) character file.

Game seed: 10091883751108544571

226 dolemite99 the Magician (level 6, -3/40 HPs)
             Began as a Djinni Earth Elementalist on Feb 11, 2023.
             Was an Initiate of Ashenzari.
             Shot with an arrow by a centaur (9 damage)
             ... on level 5 of the Dungeon.
             The game lasted 00:05:53 (3347 turns).

dolemite99 the Magician (Djinni Earth Elementalist) Turns: 3347, Time: 00:05:54

Health: -3/40      AC:  4    Str: 12 (13) XL:     6   Next: 21%
Gold:   217        EV: 12    Int: 18 (19) God:    Ashenzari [......] SH:  0 Dex: 12 (13)

rFire   + + .      SeeInvis +    (no weapon)
rCold   x . .      Faith    .    (no shield)
rNeg    . . .      Spirit   .    a - +0 robe
rPois   ∞          Reflect  .    p - +2 hat {SInv}
rElec   .          Harm     .    (no cloak)
rCorr   +          Rampage  .    (no gloves)
Will    .....                    (boots unavailable)
Stlth   ++                       (no amulet)
HPRegen 0.26/turn                C - +6 ring of strength
MPRegen 0.00/turn                s - ring of resist corrosion

@: flying
A: sickness immunity, fire resistance 2, cold vulnerability 1, float, innate
caster, HP casting, extra vitality 1
a: Renounce Religion


You were on level 5 of the Dungeon.
You worshipped Ashenzari.
Ashenzari was noncommittal.
You visited 2 branches of the dungeon, and saw 6 of its levels.

You collected 217 gold pieces.

Inventory:

Hand Weapons
 d - a +0 club
 w - a +3 dagger
 D - a +0 longbow
Armour
 a - a +0 robe (worn)
 p - a +2 hat of see invisible (worn)
 q - a +0 ring mail of cold resistance
 u - +0 fire dragon scales
Jewellery
 s - a ring of resist corrosion (right hand)
 C - a +6 ring of strength (left hand)
 E - a ring of fire
Wands
 l - a wand of polymorph (8)
 v - a wand of flame (17) (quivered)
Scrolls
 c - a scroll of butterflies
 g - 4 scrolls of identify {@r1}
 j - a scroll of enchant armour {unknown}
 m - a scroll of teleportation
 n - a scroll of immolation
 o - a scroll of brand weapon {unknown}
 r - 2 scrolls of amnesia {unknown}
 t - 2 scrolls of magic mapping {unknown}
 x - a scroll of poison {unknown}
 y - a scroll of noise {unknown}
 A - a scroll of enchant weapon {unknown}
 B - a scroll of vulnerability {unknown}
Potions
 b - 2 potions of magic
 e - a potion of resistance {unknown}
 f - a potion of degeneration
 i - a potion of heal wounds {unknown}
 k - a potion of attraction {unknown}
 z - a potion of mutation {unknown}
 F - a potion of might {unknown}


   Skills:
 - Level 2.1 Dodging
 - Level 1.5 Stealth
 + Level 5.0 Spellcasting


You had 2 spell levels left.
You knew the following spells:

 Your Spells              Type           Power      Damage    Failure   Level
a - Sandblast             Erth           44%        2d11      1%          1
b - Passwall              Tmut/Erth      18%        N/A       2%          2
c - Stone Arrow           Conj/Erth      44%        3d9       4%          3
d - Petrify               Tmut/Erth      22%        N/A       17%         4
e - Freeze                Ice            88%        1d9       1%          1
f - Wereblood             Tmut           22%        N/A       2%          2
Your spell library was empty.

Dungeon Overview and Level Annotations

Branches:
Dungeon (5/15)             Temple (1/1) D:4

Altars:
Ashenzari
Cheibriados
Elyvilon
Fedhas
Gozag
Okawaru
Qazlal
Ru
Trog
Uskayaw
Wu Jian
Yredelemnul
Zin

Shops:
D:4 *


Innate Abilities, Weirdness & Mutations

You are immune to sickness and miasma.
You are immune to poison.
Your flesh is very heat resistant. (rF++)
You are vulnerable to cold. (rC-)
You float through the air rather than walking.
You learn spells naturally, not from books.
Your magical power is your life essence.
You have superior vitality. (+4 MHP)


Message History

Done exploring.
Done exploring.
(D) Dungeon (T) Temple
Where to? (Enter - Temple @ (x,y), ? - help)
What level of the Dungeon? (default 1, ? - help)
There is a stone staircase leading down here.
You fly downwards.
You hear the sound of rushing water.
There is an entrance to a sewer on this level.
Hurry and find it before the portal rusts away!
You have a vision of a gate.
There is a stone staircase leading up here.
You reach down and open the door.
There is an open door here.
You reach down and open the door.
There is an open door here.
A centaur comes into view.
The centaur shouts!
The centaur wields a +0 shortbow.
The centaur shoots an arrow.
The arrow hits you!
Casting: Sandblast (safe; 1% risk of failure)
Confirm with . or Enter, or press ? or * to list all spells.
Aiming: Sandblast (safe; 1% risk of failure)
Press: ? - help, Shift-Dir - straight line, f - centaur
Aim: a centaur, wielding a +0 shortbow (90% to hit)
The blast of sand hits the centaur!
The centaur is heavily wounded.
The centaur shoots an arrow.
The arrow hits you!
The centaur shoots an arrow.
The arrow hits you!
* * * LOW HITPOINT WARNING * * *
It was a potion of curing.
You feel better.
The centaur shoots an arrow.
The arrow hits you.
The centaur shoots an arrow.
The arrow closely misses you.
It was a potion of degeneration.
There was something very wrong with that liquid.
You feel weakened.
You feel dopey.
You feel clumsy.
The centaur shoots an arrow.
The arrow hits you!
* * * LOW HITPOINT WARNING * * *
You feel better.
The centaur shoots an arrow.
The arrow hits you!
* * * LOW HITPOINT WARNING * * *
The centaur shoots an arrow.
The arrow hits you!
You die...

##.## .## ... ..# ...
#.# ... #.# #.# ##.#
#.# c.# # # #.#
#.#######.###....
##'## #........@....#
##<..#######.#.....#.#
#.....## #.#.....#
.......## #.......#
........####.......#
........'............#
........####...#.#####
.......## #......#
#.....## #####.##


You could see a centaur.

Vanquished Creatures
  A scorpion (D:4)
  A hound (D:4)
  An iguana (D:4)
  An orc wizard (D:3)
  2 worms
  3 dart slugs
  6 orcs
  4 bats
  9 endoplasms
  3 giant cockroaches
  9 goblins
  8 hobgoblins
  2 jackals (D:1)
  4 kobolds
  2 ball pythons
  6 frilled lizards
  3 rats
65 creatures vanquished.

Notes
Turn   | Place    | Note
-------+----------+-------------------------------------------
     0 | D:1      | dolemite99 the Djinni Earth Elementalist began the quest
                  | for the Orb.
     0 | D:1      | dolemite99 set off with the following spells memorised:
                  | Sandblast, Passwall, Stone Arrow, Petrify.
     0 | D:1      | Reached XP level 1. HP: 15/15 MP: 0/0
    83 | D:1      | Reached XP level 2. HP: 20/21 MP: 0/0
   132 | D:1      | Reached skill level 3 in Spellcasting
   248 | D:1      | Reached XP level 3. HP: 24/25 MP: 0/0
   248 | D:1      | Learned a level 1 spell: Freeze
   557 | D:2      | You are sucked into a shaft and drop 2 floors!
   942 | D:2      | Reached XP level 4. HP: 26/31 MP: 0/0
  1882 | D:3      | Reached skill level 4 in Spellcasting
  2177 | D:4      | Reached XP level 5. HP: 33/35 MP: 0/0
  2177 | D:4      | Learned a level 2 spell: Wereblood
  2207 | D:4      | Found Udarox's Jewellery Shoppe.
  2213 | D:4      | Found Teymess's Overcharged Wands.
  2485 | D:4      | Reached skill level 5 in Spellcasting
  2485 | D:4      | Reached XP level 6. HP: 40/40 MP: 0/0
  2879 | D:4      | Found a staircase to the Ecumenical Temple.
  2883 | Temple   | Entered the Ecumenical Temple
  3102 | Temple   | Became a worshipper of Ashenzari the Shackled
  3322 | D:5      | Entered Level 5 of the Dungeon
  3347 | D:5      | Shot with an arrow by a centaur

Illustrated notes

Levels and vault maps discovered:
D:1:      giann_bridges, layout_rooms
D:2:      layout_loops_ring
D:3:      layout_basic
D:4:      layout_cave_pools, minmay_temple_entry_glassed_door, serial_shops,
          shop, nicolae_shop_overcharged_wands
D:5:      layout_loops_corners, nicolae_tso_swordbearing_angel,
          portal_sewer_entry_e, nicolae_shop_clearance
Temple:   regret_index_temple_generic_petals

Skill      XL: |  1  2  3  4  5 |
---------------+----------------+-----
Spellcasting   | 3 4 5 |  5.0
Dodging        | |  2.1
Stealth        | |  1.5

Action                     |  1- 3 |  4- 6 || total
---------------------------+-------+-------++-------
  Melee: Unarmed           |     2 |       ||     2
   Cast: Sandblast         |    49 |    59 ||   108
  Evoke: Wand              |       |     3 ||     3
    Use: Scroll            |     3 |     1 ||     4
         Potion            |       |     3 ||     3
 Armour: Robe              |     4 |     6 ||    10
         Ring mail         |       |     4 ||     4
  Dodge: Dodged            |    18 |    20 ||    38

Table legend: (Time is in decaauts)
 A = Elapsed time spent in this place.
 B = Non-inter-level travel time spent in this place.
 C = Inter-level travel time spent in this place.
 D = Time resting spent in this place.
 E = Time spent auto-exploring this place.
 F = Levels seen in this place.
 G = Mean time per level.
                   A        B        C        D        E       F      G
               +--------+--------+--------+--------+--------+-----+--------+
         Total |   3399 |   3254 |    145 |    574 |   1886 |   6 |  566.5 |
       Dungeon |   3139 |   3055 |     84 |    574 |   1703 |   5 |  627.8 |
        Temple |    260 |    199 |     61 |      0 |    183 |   1 |  260.0 |
               +--------+--------+--------+--------+--------+-----+--------+

Top non-repeatable levels by time:
     D:4: 972 daAuts
     D:2: 813 daAuts
     D:3: 759 daAuts
     D:1: 569 daAuts
  Temple: 260 daAuts
     D:5: 25 daAuts
